 Dungeon Crawl Stone Soup version 0.24-a0-434-gd57e52fea8 (webtiles) character file.

Game seed: 10767521271271065059

1213 Ilgrip the Vexing (level 8, -9/56 HPs)
             Began as a Demonspawn Arcane Marksman on June 16, 2019.
             Was a Believer of Kikubaaqudgha.
             Mangled by a centaur (13 damage)
             ... on level 6 of the Dungeon.
             The game lasted 00:25:25 (5924 turns).

Ilgrip the Vexing (Demonspawn Arcane Marksman)      Turns: 5924, Time: 00:25:25

Health: -9/56      AC: 11    Str: 10    XL:     8   Next: 22%
Magic:  10/12      EV: 11    Int: 16    God:    Kikubaaqudgha [**....]
Gold:   230        SH:  4    Dex: 15    Spells: 2/12 levels left

rFire    . . .     SeeInvis .   i - +2 spear (pierce)
rCold    x . .     Gourm    .   w - +0 buckler
rNeg     + + .     Faith    .   z - +1 ring mail "Tyr Teagoe" {rC- rN+ Regen+} (curse)
rPois    .         Spirit   .   F - +2 hat
rElec    .         Reflect  .   I - scarf {cloud immunity}
rCorr    .         Harm     .   (no gloves)
MR       .....                  e - +0 pair of boots
Stlth    ..........             (no amulet)
HPRegen  0.58/turn              k - ring of attention (curse)
MPRegen  0.13/turn              u - ring of positive energy

@: no status effects
A: claws 2, rugged brown scales 2, powered by death 1
a: Receive Corpses, Renounce Religion


You were on level 6 of the Dungeon.
You worshipped Kikubaaqudgha.
Kikubaaqudgha was pleased with you.
You were hungry.

You visited 1 branch of the dungeon, and saw 6 of its levels.

You collected 230 gold pieces.

Inventory:

Hand Weapons
 a - a +0 hunting sling
 i - a +2 spear of piercing (weapon)
 q - a +0 dagger
 B - a +0 dagger of freezing
Missiles
 d - 61 sling bullets
 s - 44 poisoned darts (quivered)
 x - 111 stones
Armour
 e - a +0 pair of boots (worn)
 w - a +0 buckler (worn)
 z - the cursed +1 ring mail "Tyr Teagoe" (worn) {rC- rN+ Regen+}
   (You found it on level 5 of the Dungeon)

   It makes you vulnerable to cold.
   It protects you from negative energy.
   It increases your rate of regeneration.
   It has a curse placed upon it.
 F - a +2 hat (worn)
 I - a scarf of cloud immunity (worn)
Magical Staves
 D - an uncursed staff of death
Jewellery
 k - a cursed ring of attention (left claw)
 t - an uncursed ring of magical power {unknown}
 u - a ring of positive energy (right claw)
Scrolls
 b - 3 scrolls of remove curse
 c - a scroll of enchant weapon {unknown}
 h - a scroll of immolation {unknown}
 j - 2 scrolls of enchant armour {unknown}
 m - 2 scrolls of teleportation {unknown}
 n - 4 scrolls of identify
 o - 3 scrolls of fog {unknown}
 r - a scroll of blinking {unknown}
 y - a scroll of random uselessness {unknown}
 C - 3 scrolls of magic mapping {unknown}
Potions
 g - 2 potions of mutation {unknown}
 l - 2 potions of resistance {unknown}
 p - 2 potions of degeneration {unknown}
 v - 3 potions of agility {unknown}
 A - a potion of haste {unknown}
 E - a potion of magic {unknown}
 G - 2 potions of curing {unknown}
 J - a potion of flight {unknown}
Comestibles
 f - 14 rations


   Skills:
 - Level 1.0 Fighting
 - Level 2.0(3.4) Slings
 * Level 4.2(4.5) Throwing
 + Level 3.5 Dodging
 + Level 2.5 Shields
 - Level 2.7 Spellcasting
 * Level 6.0 Hexes
 * Level 4.0 Necromancy


You had 2 spell levels left.
You knew the following spells:

 Your Spells              Type           Power        Failure   Level  Hunger
a - Corona                Hex            ###....      5%          1    #......
b - Slow                  Hex            ###.....     8%          2    ##.....
c - Cause Fear            Hex            ###.......   45%         4    #####..
d - Pain                  Necr           ##..         12%         1    #......
e - Sublimation of Blood  Necr           ##........   19%         2    ##.....

Your spell library contained the following spells:

 Spells                   Type           Power        Failure   Level  Hunger
 Animate Skeleton         Necr           N/A          12%         1    #......
 Inner Flame              Hex/Fire       ##......     47%         3    ###....
 Portal Projectile        Hex/Tloc       ##....       47%         3    ###....
 Regeneration             Chrm/Necr      #.........   63%         3    ###....
 Leda's Liquefaction      Hex/Erth       ##........   87%         4    #####..


Dungeon Overview and Level Annotations

Branches:
Dungeon (6/15)
 Temple: D:4-7

Altars:
Dithmenos
Kikubaaqudgha
Okawaru

Annotations:
D:2 1 runed translucent door, Crazy Yiuf


Innate Abilities, Weirdness & Mutations

You have very sharp fingernails.
You are mostly covered in rugged brown scales. (AC +2, +5% HP)
You regenerate a little health from kills.


Message History

Confirm with . or Enter, or press ? or * to list all spells.
Aiming: Slow (safe; 8% risk of failure)
Press: ? - help, Shift-Dir - straight line, f/p - centaur
Aim: a centaur (severely wounded, berserk, fast, unusually strong, chance to defeat MR: 60%)
Okay, then.
Casting: Slow (safe; 8% risk of failure)
Confirm with . or Enter, or press ? or * to list all spells.
Aiming: Slow (safe; 8% risk of failure)
Press: ? - help, Shift-Dir - straight line, f/p - centaur
Aim: a centaur (severely wounded, berserk, fast, unusually strong, chance to defeat MR: 60%)
The centaur seems to slow down.
The centaur barely misses you. The centaur barely misses you.
You see here an arrow.
The centaur hits you!
* * * LOW HITPOINT WARNING * * *
You block the centaur's attack.
There is an escape hatch in the ceiling here.
The centaur hits you!
You die...
Kikubaaqudgha rasps: "You have failed me!
Welcome... death!"

#..8..#............. ...
#.8_8.#.............
....#..8..#.............
.........########...........#
#...........# .##.###..######
#...........##.#..###..#
.......................#
#.....................#
#.........>@.........##
%.#.......#.c.........#
.......(.....<........####
.........###....>........##
.##......# #..........##..###
#......###..........###...#
#.......†(................#
..###...............########
#......###..##.#..........#


You could see a centaur (berserk).

Vanquished Creatures
  A hippogriff (D:5)
  Menkaure (D:4)
  Duvessa (D:5)
  A sky beast (D:5)
  Dowan (D:5)
  A crimson imp (D:6)
  2 hounds (D:5)
  2 jellies
  A centaur skeleton (D:5)
  A gnoll shaman (D:4)
  2 orc wizards
  An iguana (D:6)
  4 worker ants
  Natasha (twice) (D:2)
  Robin (D:2)
  3 adders
  8 gnolls
  2 oozes
  2 worms
  5 dart slugs
  4 leopard geckos
  10 orcs
  A ball python (D:4)
  9 bats
  3 giant cockroaches
  11 goblins
  10 hobgoblins
  6 kobolds
  A quokka (D:5)
  4 frilled lizards
  3 rats
104 creatures vanquished.

Notes
Turn   | Place    | Note
-------+----------+-------------------------------------------
     0 | D:1      | Ilgrip the Demonspawn Arcane Marksman began the quest for
                  | the Orb.
     0 | D:1      | Reached XP level 1. HP: 15/15 MP: 2/2
   148 | D:1      | Gained mutation: You regenerate a little health from kills.
                  | [demonic ancestry]
   148 | D:1      | Reached XP level 2. HP: 14/21 MP: 3/3
   372 | D:1      | Learned a level 2 spell: Slow
   672 | D:1      | Gained mutation: You have sharp fingernails. [demonic
                  | ancestry]
   672 | D:1      | Reached XP level 3. HP: 26/26 MP: 5/5
   746 | D:2      | Reached skill level 1 in Throwing
   876 | D:2      | Found an ancient bone altar of Kikubaaqudgha.
   881 | D:2      | Became a worshipper of Kikubaaqudgha
  1039 | D:2      | Noticed Robin
  1063 | D:2      | Killed Robin
  1063 | D:2      | Gained mutation: You have very sharp fingernails. [demonic
                  | ancestry]
  1063 | D:2      | Reached XP level 4. HP: 32/32 MP: 1/6
  1341 | D:2      | Found a runed translucent door.
  1342 | D:2      | Noticed Crazy Yiuf
  1498 | D:2      | Noticed Natasha
  1508 | D:2      | Killed Natasha
  1508 | D:2      | Reached skill level 4 in Hexes
  2158 | D:2      | Reached XP level 5. HP: 30/37 MP: 4/8
  2666 | D:3      | Reached * piety under Kikubaaqudgha
  2666 | D:3      | Identified Kikubaaqudgha's Grimoire of Black Arts
                  | (Kikubaaqudgha gifted it to you on level 3 of the Dungeon)
  2666 | D:3      | Received a gift from Kikubaaqudgha
  2694 | D:2      | Noticed Natasha
  2848 | D:2      | Killed Natasha
  2848 | D:2      | Reached skill level 1 in Shields
  2945 | D:3      | Gained mutation: You are partially covered in rugged brown
                  | scales. (AC +1, +3% HP) [demonic ancestry]
  2945 | D:3      | Reached XP level 6. HP: 37/44 MP: 5/10
  4031 | D:4      | Reached skill level 1 in Necromancy
  4194 | D:4      | Found a shadowy altar of Dithmenos.
  4337 | D:4      | Learned a level 4 spell: Cause Fear
  4339 | D:4      | Learned a level 1 spell: Pain
  4342 | D:4      | Learned a level 2 spell: Sublimation of Blood
  4424 | D:4      | Noticed Menkaure
  4442 | D:4      | Killed Menkaure
  4442 | D:4      | Reached skill level 5 in Hexes
  4442 | D:4      | Gained mutation: You are mostly covered in rugged brown
                  | scales. (AC +2, +5% HP) [demonic ancestry]
  4442 | D:4      | Reached XP level 7. HP: 42/50 MP: 8/11
  4624 | D:5      | Entered Level 5 of the Dungeon
  4635 | D:5      | Got a bloodstained ring mail
  4662 | D:5      | Identified the cursed +1 ring mail "Tyr Teagoe" {rC- rN+
                  | Regen+} (You found it on level 5 of the Dungeon)
  4683 | D:5      | Noticed a hippogriff
  4713 | D:5      | Killed a hippogriff
  4904 | D:5      | Noticed Duvessa
  5187 | D:5      | Noticed Dowan
  5203 | D:5      | Killed Dowan
  5320 | D:5      | Killed Duvessa
  5320 | D:5      | Reached ** piety under Kikubaaqudgha
  5320 | D:5      | Reached XP level 8. HP: 56/56 MP: 4/12
  5805 | D:6      | Found an iron altar of Okawaru.
  5851 | D:6      | Reached skill level 6 in Hexes
  5920 | D:6      | HP: 1/56 [centaur (13)]
  5924 | D:6      | Mangled by a centaur

Levels and vault maps discovered:
D:1:      lightli_arrival_boilingwater, layout_loops_ring,
          minmay_misc_feat_four_crosses, corexii_leaking_fountain,
          minmay_strange_pillars, hangedman_feature_mirror
D:2:      layout_basic, lemuel_doored_altar, uniq_natasha, uniq_robin,
          uniq_crazy_yiuf_cottage
D:3:      layout_rooms
D:4:      layout_basic, overflow_temple_1_default, first_ration, uniq_menkaure
D:5:      layout_basic, nrook_pool_corridor, minmay_door_square,
          minmay_statues_item, st_stairs_7, kennysheep_small_square,
          uniq_duvessa
D:6:      layout_rooms, kennysheep_mini, kennysheep_okawaru_gauntlet,
          minmay_temple_entry_enclosed_plants, uniq_eustachio

Skill      XL: |  1  2  3  4  5  6  7  8 |
---------------+-------------------------+-----
Slings         | 2 |  2.0
Throwing       | 1 2 3 4 |  4.2
Dodging        | 2 3 |  3.5
Spellcasting   | 2 |  2.7
Hexes          | 4 5 6 |  6.0
Shields        | 1 2 |  2.5
Necromancy     | 2 3 4 |  4.0
Fighting       | |  1.0

Action                   |  1- 3 |  4- 6 |  7- 9 || total
-------------------------+-------+-------+-------++-------
Melee: Spear             |       |   122 |   104 ||   226
 Fire: Hunting sling     |   116 |   167 |    53 ||   336
Throw: Dart              |       |       |     4 ||     4
 Cast: Slow              |     6 |    36 |    15 ||    57
       Corona            |     2 |    19 |    16 ||    37
  Use: Scroll            |       |       |     1 ||     1
  Eat: Chunk             |     1 |    13 |     5 ||    19
Armor: Robe              |     5 |       |       ||     5
       Leather armour    |     3 |    47 |     3 ||    53
       Ring mail         |       |       |    53 ||    53
Dodge: Dodged            |    30 |    94 |    44 ||   168
Block: Buckler           |       |       |     9 ||     9

Table legend:
 A = Non-vault XP
 B = Vault XP
 C = Vault XP percentage of total XP
 D = Non-vault monster count
 E = Vault monster count
 F = Vault count percentage of total count
                 A         B        C        D         E       F
            +---------+---------+-------+---------+---------+-------
      Total |    1089 |     645 |  37.2 |      81 |      23 |  22.1
            +---------+---------+-------+---------+---------+-------
        D:1 |      32 |      12 |  27.3 |      13 |       6 |  31.6
        D:2 |     188 |      59 |  23.9 |      21 |       8 |  27.6
        D:3 |     159 |       0 |   0.0 |      20 |       0 |   0.0
        D:4 |     191 |     172 |  47.4 |      16 |       1 |   5.9
        D:5 |     394 |     399 |  50.3 |       5 |       6 |  54.5
        D:6 |     125 |       3 |   2.3 |       6 |       2 |  25.0
            +---------+---------+-------+---------+---------+-------
